 Dungeon Crawl Stone Soup version 0.28-a0-724-g66f9036eb4 (webtiles) character file.

Game seed: 7418066915326140534

755 porpoise the Magician (level 7, -12/36 HPs)
             Began as a Deep Elf Conjurer on Oct 26, 2021.
             Was a Follower of Vehumet.
             Mangled by a wyvern zombie (14 damage)
             ... on level 5 of the Dungeon on Oct 27, 2021.
             The game lasted 00:26:19 (7910 turns).

porpoise the Magician (Deep Elf Conjurer)           Turns: 7910, Time: 00:26:20

Health: -12/36     AC:  0    Str:  5    XL:     7   Next: 49%
Magic:  12/19      EV: 12    Int: 24    God:    Vehumet [*.....]
Gold:   166        SH:  0    Dex: 13    Spells: 5/20 levels left

rFire   . . .      SeeInvis .   (no weapon)
rCold   . . .      Faith    .   (no shield)
rNeg    . . .      Spirit   .   (no armour)
rPois   .          Reflect  .   (no helmet)
rElec   .          Harm     .   (no cloak)
rCorr   +          Rampage  .   (no gloves)
Will    .....                   (no boots)
Stlth   ++........              (no amulet)
HPRegen 0.12/turn               d - ring of resist corrosion
MPRegen 0.16/turn               (no ring)

@: no status effects
A: no striking features
a: Renounce Religion


You were on level 5 of the Dungeon.
You worshipped Vehumet.
Vehumet was aware of your devotion.
You visited 2 branches of the dungeon, and saw 6 of its levels.

You collected 166 gold pieces.

Inventory:

Hand Weapons
 o - a +4 dagger
Missiles
 b - 72 stones
 c - 12 sling bullets
Armour
 a - a +0 robe
 u - the +1 leather armour "Wackoal" {Int+7}
   (You found it on level 5 of the Dungeon)

   Int:       It affects your intelligence (+7).
Jewellery
 d - a ring of resist corrosion (left hand)
 p - a ring of protection from cold
 q - a ring of protection from cold
Wands
 r - a wand of iceblast (6)
Scrolls
 e - a scroll of fog {unknown}
 n - a scroll of enchant armour {unknown}
 s - a scroll of amnesia {unknown}
 t - a scroll of noise {unknown}
Potions
 f - a potion of curing {unknown}
 g - 3 potions of attraction
 h - a potion of berserk rage {unknown}
 i - 2 potions of mutation
 j - a potion of flight {unknown}
 k - a potion of cancellation {unknown}
 l - a potion of degeneration {unknown}
 m - 2 potions of might


   Skills:
 - Level 2.4 Dodging
 - Level 2.4 Stealth
 - Level 7.0 Spellcasting
 - Level 5.9 Conjurations
 + Level 6.6 Hexes
 + Level 2.3 Translocations


You had 5 spell levels left.
You knew the following spells:

 Your Spells              Type           Power      Damage    Failure   Level
a - Magic Dart            Conj           100%       1d8       1%          1
b - Searing Ray           Conj           74%        2d7       1%          2
c - Fulminant Prism       Conj/Hex       19%        3d11      5%          4
d - Iskenderun's Mystic   Conj/Tloc      28%        2d7       13%         4
w - Flame Wave            Conj/Fire      22%        3d6       22%         4

Your spell library contained the following spells:

 Spells                   Type           Power      Damage    Failure   Level
 Foxfire                  Conj/Fire      88%        2x1d8     2%          1
 Dazzling Flash           Conj/Hex       76%        N/A       1%          3
 Portal Projectile        Hex/Tloc       58%        N/A       3%          3
 Inner Flame              Hex/Fire       24%        N/A       5%          3
 Conjure Flame            Conj/Fire      22%        6-21      6%          3
 Corpse Rot               Necr/Air       16%        N/A       11%         2
 Leda's Liquefaction      Hex/Erth       12%        N/A       19%         4
 Call Canine Familiar     Summ           8%         N/A       22%         3
 Silence                  Hex/Air        12%        N/A       45%         5
 Dispel Undead            Necr           8%         3d8       56%         4
 Agony                    Necr           8%         N/A       89%         5
 Death Channel            Necr           4%         N/A       100%        6


Dungeon Overview and Level Annotations

Branches:
Dungeon (5/15)             Temple (1/1) D:5

Altars:
Ashenzari
Cheibriados
Dithmenos
Elyvilon
Fedhas
Gozag
Hepliaklqana
Kikubaaqudgha
Makhleb
Okawaru
Qazlal
Ru
Sif Muna
Trog
Uskayaw
Vehumet
Wu Jian
Xom
Zin
The Shining One

Annotations:
D:3 1 runed translucent door, avis's ghost, amateur DgTm


Message History

You finish taking off your +0 robe.
You start putting on your armour.
You continue putting on the +1 leather armour "Wackoal" {Int+7}.
The wyvern zombie closely misses you.
You continue putting on the +1 leather armour "Wackoal" {Int+7}.
The wyvern zombie bites you!
Keep equipping yourself? [Y]es or [N]o only, please.
Keep equipping yourself?
You stop putting on your armour.
Casting: Searing Ray (safe; 1% risk of failure)
Confirm with . or Enter, or press ? or * to list all spells.
Aiming: Searing Ray (safe; 1% risk of failure)
Press: ? - help, Shift-Dir - straight line, f - wyvern zombie
Aim: a wyvern zombie (93% to hit)
The searing ray hits the wyvern zombie.
The wyvern zombie is lightly damaged. (Press . to maintain the ray.)
The wyvern zombie barely misses you. The wyvern zombie bites you.
The searing ray hits the wyvern zombie.
The wyvern zombie is moderately damaged.
The wyvern zombie barely misses you.
The searing ray hits the wyvern zombie.
The wyvern zombie is moderately damaged.
The wyvern zombie bites you!
The searing ray hits the wyvern zombie.
The wyvern zombie is heavily damaged.
You finish channelling your searing ray.
The wyvern zombie bites you!
* * * LOW HITPOINT WARNING * * *
Casting: Searing Ray (safe; 1% risk of failure)
Confirm with . or Enter, or press ? or * to list all spells.
Aiming: Searing Ray (safe; 1% risk of failure)
Press: ? - help, Shift-Dir - straight line, f/p - wyvern zombie
Aim: a wyvern zombie (heavily damaged, 93% to hit)
The searing ray hits the wyvern zombie.
The wyvern zombie is heavily damaged. (Press . to maintain the ray.)
The wyvern zombie barely misses you. The wyvern zombie bites you!
You die...

##.##.#......#.#
#.#..<.....##.#
##.####......#Z#
......<.#....#.#
....###.###.##.#
.............#.#
....###.#....#.#
#.#...#.#.##.#.#####
#.###.#.#.##.#.Z@..#
#.....#.#.##.#.###.#
#####.#.#.##.#.. #.#
#.#.#.##.#.# #.#
#######.#.##.#.# #.#
...........#.#.# #.#
.######.####.#.# #.#
.####...# #.# #.#
...##..## #.# #.#


You could see a wyvern zombie.

Vanquished Creatures
  An ogre (D:5)
  A scorpion (D:4)
  3 wights (D:5)
  A howler monkey (D:4)
  2 hounds (D:4)
  A centaur zombie (D:5)
  A bullfrog skeleton (D:5)
  Terence (D:3)
  Natasha (thrice) (D:2)
  An iguana (D:5)
  3 gnolls (D:3)
  9 adders
  An ufetubus (D:4)
  2 worms
  5 dart slugs
  2 orcs
  5 endoplasms
  3 giant cockroaches
  5 goblins
  6 hobgoblins
  7 quokkas
  10 ball pythons
  5 bats
  6 frilled lizards
  4 kobolds
  A quokka skeleton (D:4)
  7 rats
96 creatures vanquished.

Vanquished Creatures (others)
  A plant (D:4)
1 creature vanquished.

Grand Total: 97 creatures vanquished

Notes
Turn   | Place    | Note
-------+----------+-------------------------------------------
     0 | D:1      | porpoise the Deep Elf Conjurer began the quest for the Orb.
     0 | D:1      | Reached XP level 1. HP: 10/10 MP: 6/6
   428 | D:1      | Reached XP level 2. HP: 15/15 MP: 4/8
  1115 | D:1      | Reached skill level 4 in Spellcasting
  1259 | D:1      | Reached skill level 5 in Conjurations
  1259 | D:1      | Reached XP level 3. HP: 19/19 MP: 6/10
  1507 | D:2      | Found a shadowy altar of Dithmenos.
  1742 | D:2      | Noticed Natasha
  1758 | D:2      | Killed Natasha
  1972 | D:2      | Learned a level 2 spell: Searing Ray
  2013 | D:2      | Reached XP level 4. HP: 24/24 MP: 8/12
  2299 | D:2      | Found a faded altar of an unknown god.
  2775 | D:2      | Reached skill level 5 in Spellcasting
  3130 | D:2      | Noticed Natasha
  3134 | D:2      | Killed Natasha
  3135 | D:2      | Reached XP level 5. HP: 28/28 MP: 9/14
  3443 | D:2      | Noticed Natasha
  3449 | D:2      | Killed Natasha
  3721 | D:3      | Learned a level 4 spell: Fulminant Prism
  3726 | D:3      | Learned a level 4 spell: Iskenderun's Mystic Blast
  3770 | D:3      | Reached skill level 1 in Hexes
  4039 | D:3      | Found a runed translucent door.
  4040 | D:3      | Noticed avis's ghost (amateur DgTm)
  4061 | D:3      | Found a radiant altar of Vehumet.
  4119 | D:3      | Became a worshipper of Vehumet
  4406 | D:3      | Noticed Terence
  4414 | D:3      | Killed Terence
  4415 | D:3      | Reached skill level 6 in Spellcasting
  4877 | D:4      | Reached XP level 6. HP: 28/32 MP: 11/17
  5609 | D:4      | Found a glowing golden altar of the Shining One.
  5901 | D:4      | Reached skill level 7 in Spellcasting
  6377 | D:4      | Found a blossoming altar of Fedhas.
  6572 | D:4      | Reached * piety under Vehumet
  6572 | D:4      | Offered knowledge of Foxfire by Vehumet.
  6727 | D:4      | Learned a level 4 spell: Flame Wave
  6819 | D:5      | Entered Level 5 of the Dungeon
  7027 | D:5      | Reached skill level 5 in Hexes
  7027 | D:5      | Reached XP level 7. HP: 36/36 MP: 12/19
  7172 | D:5      | Reached skill level 1 in Translocations
  7587 | D:4      | Upgraded the game from 0.28-a0-723-g095bd1b44f to
                  | 0.28-a0-724-g66f9036eb4
  7613 | D:5      | Found a staircase to the Ecumenical Temple.
  7653 | Temple   | Entered the Ecumenical Temple
  7852 | D:5      | Identified the +1 leather armour "Wackoal" {Int+7}
  7910 | D:5      | Mangled by a wyvern zombie

Illustrated notes

Levels and vault maps discovered:
D:1:      dpeg_arrival_three_smaller_balls, layout_basic
D:2:      layout_basic, ebering_ecumenical_altar_petrified, basic_altar,
          uniq_natasha
D:3:      layout_rooms, mainiacjoe_overflow_surrounded_room,
          ebering_ghost_inner_flame, roderic_roman_lattice, uniq_terence
D:4:      layout_loops_cross, general_overflow_altar, tso_metal_star,
          hangedman_decor_riveting, hangedman_glass_garden, minmay_door_square
D:5:      corexii_shantytown, layout_basic, minmay_temple_entry_glassed_door
Temple:   compressed_dpeg_circular_temple

Skill      XL: |  1  2  3  4  5  6  7 |
---------------+----------------------+-----
Spellcasting   | 4 5 6 7 |  7.0
Conjurations   | 5 |  5.9
Hexes          | 2 5 6 |  6.6
Translocations | 2 |  2.3
Dodging        | |  2.4
Stealth        | |  2.4

Action                   |  1- 3 |  4- 6 |  7- 9 || total
-------------------------+-------+-------+-------++-------
Melee: Unarmed           |       |     1 |       ||     1
 Cast: Magic Dart        |    64 |    44 |       ||   108
       Searing Ray       |       |    31 |     9 ||    40
       Iskenderun's Myst |       |       |     1 ||     1
  Use: Scroll            |       |     3 |       ||     3
Armor: Robe              |       |       |     1 ||     1
Dodge: Dodged            |     2 |     7 |     9 ||    18

Table legend: (Time is in decaauts)
 A = Elapsed time spent in this place.
 B = Non-inter-level travel time spent in this place.
 C = Inter-level travel time spent in this place.
 D = Time resting spent in this place.
 E = Time spent auto-exploring this place.
 F = Levels seen in this place.
 G = Mean time per level.
                   A        B        C        D        E       F      G
               +--------+--------+--------+--------+--------+-----+--------+
         Total |   7927 |   7605 |    322 |   4200 |   2777 |   6 | 1321.2 |
       Dungeon |   7770 |   7482 |    288 |   4200 |   2691 |   5 | 1554.0 |
        Temple |    157 |    123 |     34 |      0 |     86 |   1 |  157.0 |
               +--------+--------+--------+--------+--------+-----+--------+

Top non-repeatable levels by time:
     D:4: 2430 daAuts
     D:2: 2125 daAuts
     D:1: 1492 daAuts
     D:3: 1116 daAuts
     D:5: 604 daAuts
  Temple: 157 daAuts
